 Dungeon Crawl Stone Soup version 0.29-a0-307-gecccbbdb84 (webtiles) character file.

Game seed: 18396966581035312868

0 night the Shooter (level 1, -1/17 HPs)
             Began as a Draconian Hunter on Mar 27, 2022.
             Slain by a gnoll
             ... wielding a +0 halberd
              (5 damage)
             ... on level 2 of the Dungeon.
             The game lasted 00:01:00 (160 turns).

night the Shooter (Draconian Hunter)                 Turns: 160, Time: 00:01:01

Health: -1/17      AC:  4    Str: 13    XL:     1   Next: 8%
Magic:  1/1        EV: 12    Int:  9    God:
Gold:   0          SH:  0    Dex: 14    Spells: 0/0 levels left

rFire   . . .      SeeInvis .   a - +1 shortbow
rCold   . . .      Faith    .   (shield currently unavailable)
rNeg    . . .      Spirit   .   (body armour unavailable)
rPois   .          Reflect  .   (helmet restricted)
rElec   .          Harm     .   (no cloak)
rCorr   .          Rampage  .   (no gloves)
Will    .....                   (no boots)
Stlth   ++........              (no amulet)
HPRegen 0.05/turn               (no ring)
MPRegen 0.07/turn               (no ring)

@: attractive
A: AC +4, unfitting armour, cold-blooded
a: no special abilities


You were on level 2 of the Dungeon.
You visited 1 branch of the dungeon, and saw 2 of its levels.

Inventory:

Hand Weapons
 a - a +1 shortbow (weapon)
Scrolls
 b - a scroll of immolation


   Skills:
 + Level 2.2 Fighting
 + Level 3.6 Bows
 - Level 1.7 Dodging
 - Level 0.8 Stealth


You couldn't memorise any spells.
You didn't know any spells.
Your spell library contained the following spells:

 Spells                   Type           Power      Damage    Failure   Level
 Slow                     Hex            0%         N/A       38%         1
 Ensorcelled Hibernation  Hex/Ice        0%         N/A       52%         2
 Inner Flame              Hex/Fire       0%         N/A       77%         3
 Summon Hydra             Summ           0%         N/A       100%        7


Dungeon Overview and Level Annotations

Branches:
Dungeon (1/15)

Altars:


Innate Abilities, Weirdness & Mutations

Your plain brown scales are hard. (AC +4)
You cannot fit into any form of body armour.
You are cold-blooded and may be slowed by cold attacks.


Message History

The giant cockroach bites you but does no damage.
The gnoll misses you. The rat closely misses you. The rat barely misses you.
You open the door.
The giant cockroach bites you but does no damage.
The gnoll misses you. The gnoll closely misses you. The rat bites you.
The endoplasm hits you.
The giant cockroach attacks as you move away!
The giant cockroach bites you but does no damage.
The gnoll hits you from afar with a +0 spear.
There is an open door here.
The giant cockroach bites you.
The giant cockroach bites you but does no damage.
The giant cockroach attacks as you move away!
The giant cockroach barely misses you.
You aren't carrying any items that you can evoke.
It was a potion of attraction.
You feel attractive to monsters. The giant cockroach barely misses you.
The gnoll barely misses you. The rat is attracted toward you.
The quokka is attracted toward you. The rat is attracted toward you.
The quokka is attracted toward you. The worm is attracted toward you.
The quokka attacks as you move away! The quokka closely misses you.
The quokka bites you.
* * * LOW HITPOINT WARNING * * *
The giant cockroach barely misses you. The rat is attracted toward you.
The rat is attracted toward you.
The quokka bites you but does no damage.
The worm is attracted toward you.
The giant cockroach attacks as you move away!
The giant cockroach bites you but does no damage.
The worm is attracted toward you. The gnoll is attracted toward you.
The rat is attracted toward you. The worm is attracted toward you.
The giant cockroach is attracted toward you.
The giant cockroach attacks as you move away!
The giant cockroach bites you.
* * * LOW HITPOINT WARNING * * *
The gnoll hits you from afar with a +0 halberd.
You die...

## #w# #... .. .# #.#
..###.# .. .# #.#
##.... .#
.####§####..### ###.#
.'§rgBw.§§....# #....
.#########.B..###
###..# .# #####§w.r..#
#....#### .#
........J.g.###^......#
.#
........##rB@.........#
.#
....$...####.#...?....#
.# ........#
#..........# ##
....?...# ###........#
........# #........#
........# #........#
....... #........#
#........# ###....###


You could see a worm, a gnoll, an endoplasm, a quokka, 2 giant cockroaches and a
rat.

Vanquished Creatures
  A rat (D:1)
1 creature vanquished.

Notes
Turn   | Place    | Note
-------+----------+-------------------------------------------
     0 | D:1      | night the Draconian Hunter began the quest for the Orb.
     0 | D:1      | Reached XP level 1. HP: 17/17 MP: 1/1
    75 | D:1      | Got Moshaiss's Grimoire of Captivating Calling
   100 | D:1      | You fall into a shaft and drop 1 floor!
   160 | D:2      | Slain by a gnoll

Illustrated notes

Levels and vault maps discovered:
D:1:      dpeg_arrival_more_subterranean_lakeside_camping, layout_basic,
          chequers_ecumenical_altar_simple, serial_bayou_pond_d,
          minmay_misc_feat_encased
D:2:      layout_basic, serial_shops, shop, chequers_serial_rivers_small_a,
          minmay_quantized

Action                   || total
-------------------------++-------
 Fire: Shortbow          ||     2
  Use: Potion            ||     1
Armor: Skin              ||     8
Dodge: Dodged            ||    21

Table legend: (Time is in decaauts)
 A = Elapsed time spent in this place.
 B = Non-inter-level travel time spent in this place.
 C = Inter-level travel time spent in this place.
 D = Time resting spent in this place.
 E = Time spent auto-exploring this place.
 F = Levels seen in this place.
 G = Mean time per level.
                   A        B        C        D        E       F      G
               +--------+--------+--------+--------+--------+-----+--------+
         Total |    161 |    161 |      0 |      0 |     94 |   2 |   80.5 |
       Dungeon |    161 |    161 |      0 |      0 |     94 |   2 |   80.5 |
               +--------+--------+--------+--------+--------+-----+--------+

Top non-repeatable levels by time:
     D:1: 101 daAuts
     D:2: 59 daAuts
